Map: Ultralove

Players

wootwoot - Winner!

  • Race: Terran Terran
  • League: Diamond
  • Spawn Location: 1:00

JustBleed

  • Race: Terran Terran
  • Spawn Location: 7:00

VOD

Have the link to the VOD?

Description

Time

  • Played on: April 2, 2025, 8:44 p.m.
  • Length: 3:21
Show
View Real Time Build Order
Export as new Build Order

wootwoot Terran - Winner!

Build Orders:  

Get SALT Encoding   

  12  0:00  SCV  
  13  0:12  SCV  
  14  0:17  Supply Depot  
  14  0:24  SCV  
  14  0:28  Refinery  
  15  0:38  SCV  
  16  0:44  Barracks  
  16  0:51  SCV  
  17  1:01  Barracks  
  17  1:14  Barracks  
  17  1:22  Refinery  
  17  1:31  Reaper  
  18  1:41  Orbital Command  
  18  1:48  Reaper  
  19  2:01  Reaper  
  19  2:03  Reaper  
  19  2:08  SCV  
  22  2:20  SCV, Reaper  
  24  2:32  SCV  
  24  2:34  Reaper  
  24  2:35  Reaper  
  27  2:42  Supply Depot  
  27  2:44  SCV  
  28  2:56  SCV  
  30  3:08  SCV  
Show
View Real Time Build Order
Export as new Build Order

JustBleed Terran 

Build Orders:  

Get SALT Encoding   

  12  0:00  SCV  
  13  0:12  SCV  
  14  0:17  Supply Depot  
  14  0:24  SCV  
  15  0:38  SCV  
  15  0:40  Barracks  
  16  0:44  Refinery  
  16  0:55  Barracks  
  16  0:58  SCV  
  17  1:10  SCV  
  18  1:26  Orbital Command  
  18  1:29  Reaper  
  18  1:31  Refinery  
  19  1:33  Supply Depot  
  19  1:46  Reaper  
  20  1:53  SCV  
  22  2:01  Reaper  
  22  2:05  SCV  
  23  2:17  SCV  
  23  2:21  Barracks Tech Lab  
  24  2:29  SCV  
  25  2:35  Barracks Reactor  
  25  2:40  Supply Depot, Command Center  
  25  2:41  SCV  
  26  2:52  Marine  
  26  2:53  SCV  
  26  3:05  SCV  
Tags
 
League
Diamond
Matchup
TvT
Race
Terran
Replay Pack
B2M-Replays
Spawn Locations
Cross Positions
Add a new tag
Caveats
  • Supply blocks, unpowered buildings, or Contaminate may cause inaccurate times.
  • Supply counts are checked every 10 seconds.